Map: Ever Dream LE

Players

BerryRAWR - Winner!

  • Race: Terran Terran
  • League: Master
  • Spawn Location: 1:00

llllllllllll

  • Race: Protoss Protoss
  • League: Master
  • Spawn Location: 7:00

VOD

Have the link to the VOD?

Description

Time

  • Played on: April 29, 2020, 3:38 a.m.
  • Length: 9:36
Show
View Real Time Build Order
Export as new Build Order

BerryRAWR Terran - Winner!

Build Orders: Gas First Reaper Expand 

Get SALT Encoding   

  12  0:01  SCV  
  13  0:13  SCV  
  14  0:18  Supply Depot  
  14  0:25  SCV  
  15  0:30  Refinery  
  15  0:40  SCV  
  16  0:45  Barracks  
  16  0:52  SCV  
  17  1:04  SCV  
  18  1:16  SCV  
  19  1:32  Reaper, Orbital Command  
  20  1:47  Command Center  
  20  1:53  Supply Depot  
  20  2:03  Factory  
  20  2:10  Barracks Reactor  
  20  2:11  SCV  
  21  2:17  Refinery  
  21  2:23  SCV  
  22  2:35  SCV  
  23  2:47  SCV  
  23  2:50  Marine x2  
  23  2:51  Starport  
  26  2:52  Factory Tech Lab  
  26  3:00  SCV  
  26  3:01  Orbital Command  
  27  3:07  Marine  
  27  3:08  Marine  
  27  3:12  SCV  
  29  3:23  Siege Tank  
  29  3:24  SCV  
  29  3:25  Supply Depot  
  33  3:28  SCV  
  33  3:31  Marine  
  35  3:34  Marine  
  35  3:36  SCV  
  37  3:47  SCV  
  37  3:48  SCV  
  38  3:49  Marine  
  38  3:52  Marine  
  37  3:59  SCV  
  38  4:03  Viking, Siege Tank  
  38  4:04  SCV  
  38  4:07  Marine  
  45  4:10  Marine  
  45  4:11  Supply Depot  
  45  4:12  SCV  
  45  4:16  SCV  
  48  4:24  SCV, Marine  
  49  4:27  Marine  
  49  4:28  SCV  
  52  4:33  Viking  
  52  4:34  Supply Depot  
  52  4:36  SCV  
  52  4:38  Siege Tank  
  57  4:42  Marine  
  58  4:45  Marine  
  59  4:56  SCV  
  59  4:59  Barracks  
  60  5:00  Marine  
  60  5:01  Barracks  
  60  5:03  Marine  
  60  5:06  SCV  
  63  5:07  Liberator  
  63  5:08  SCV, Supply Depot  
  63  5:13  Supply Depot  
  67  5:18  SCV, Marine  
  67  5:20  SCV  
  67  5:21  Supply Depot  
  70  5:29  Marine  
  70  5:30  SCV  
  72  5:36  Barracks  
  72  5:37  SCV, Barracks  
  72  5:42  Refinery  
  73  5:44  Refinery  
  73  5:45  Engineering Bay  
  73  5:46  Engineering Bay, Marine  
  73  5:47  Barracks Tech Lab  
  73  5:49  Barracks Tech Lab  
  71  6:00  Marine  
  71  6:02  SCV  
  71  6:03  SCV  
  73  6:04  Marine  
  49  6:33  Barracks Reactor, Combat Shield, Marauder x2, Barracks Tech Lab  
  49  6:35  Stimpack  
  49  6:36  Terran Infantry Weapons Level 1, Terran Infantry Armor Level 1  
  49  6:37  Marine x2  
  49  6:39  Starport Reactor  
  53  6:40  SCV  
  53  6:41  SCV  
  53  6:42  Command Center  
  53  6:46  Supply Depot  
  55  6:49  Widow Mine  
  55  6:52  SCV  
  55  6:53  Marauder  
  60  6:55  SCV  
  60  6:57  Marauder x2  
  65  7:02  Concussive Shells  
  65  7:10  Marine x4  
  65  7:14  Marauder  
  68  7:17  Supply Depot  
  68  7:18  SCV, Marauder, Marine  
  68  7:19  Medivac  
  68  7:20  Medivac  
  76  7:27  Marine, Widow Mine  
  76  7:28  Armory  
  79  7:34  Marine  
  79  7:35  Marine x3  
  83  7:38  SCV x2, Marauder  
  83  7:41  Supply Depot  
  87  7:49  Medivac, Widow Mine  
  87  7:50  SCV, Medivac  
  87  7:51  SCV  
  95  7:53  Marine  
  96  8:04  Marine x2  
  96  8:05  Marauder x2  
  102  8:10  SCV x2, Widow Mine  
  102  8:12  Orbital Command  
  103  8:16  Marauder, Marine  
  103  8:20  Medivac  
  103  8:22  SCV  
  103  8:26  Marauder x2, Marine  
  111  8:29  SCV  
  112  8:34  SCV  
  112  8:38  SCV  
  112  8:40  Marine x2  
  112  8:41  Marauder  
  118  8:42  SCV  
  118  8:44  Ghost Academy  
  119  8:50  Supply Depot x2  
  119  8:52  Supply Depot  
  106  9:03  Marauder x2, Marine x4  
  106  9:04  Marauder, Widow Mine  
  106  9:06  SCV x2  
  106  9:07  SCV  
  119  9:18  SCV x2  
  119  9:19  SCV  
  123  9:34  Command Center  
Show
View Real Time Build Order
Export as new Build Order

llllllllllll Protoss 

Build Orders: 1 Gate Expand, Chargelot Immortal 

Get SALT Encoding   

  12  0:00  Probe  
  13  0:13  Probe  
  14  0:17  Pylon  
  14  0:25  Probe (Chrono Boost)  
  15  0:37  Probe (Chrono Boost)  
  15  0:39  Gateway  
  16  0:44  Probe (Chrono Boost)  
  16  0:47  Assimilator  
  17  0:53  Probe  
  18  1:05  Probe  
  19  1:17  Probe  
  20  1:30  Probe  
  21  1:33  Cybernetics Core  
  21  1:38  Nexus  
  21  1:42  Probe  
  22  1:50  Pylon  
  22  1:54  Probe  
  22  2:00  Assimilator  
  23  2:07  Adept (Chrono Boost)  
  23  2:08  Probe  
  24  2:11  Warp Gate  
  25  2:20  Probe  
  26  2:30  Stalker (Chrono Boost)  
  26  2:35  Probe  
  29  2:47  Probe  
  29  2:49  Robotics Facility  
  30  2:53  Probe  
  31  2:59  Probe  
  33  3:05  Probe  
  33  3:11  Probe  
  34  3:17  Probe  
  35  3:24  Probe  
  35  3:25  Twilight Council  
  36  3:27  Stalker  
  36  3:29  Probe  
  36  3:32  Gateway  
  39  3:36  Probe  
  39  3:38  Pylon  
  40  3:42  Probe  
  40  3:48  Probe  
  42  3:54  Probe  
  43  4:00  Probe, Immortal (Chrono Boost)  
  46  4:06  Probe, Pylon  
  46  4:08  Blink (Chrono Boost)  
  47  4:11  Stalker  
  49  4:22  Probe x2, Pylon  
  51  4:36  Immortal  
  51  4:37  Gateway  
  55  4:38  Gateway  
  55  4:42  Sentry, Zealot  
  59  4:47  Probe  
  61  4:56  Nexus  
  60  5:03  Stalker  
  60  5:06  Stalker  
  62  5:10  Shield Battery  
  62  5:17  Gateway  
  62  5:18  Probe x2  
  64  5:30  Zealot  
  64  5:31  Zealot  
  64  5:34  Stalker  
  68  5:36  Zealot  
  70  5:46  Charge (Chrono Boost), Pylon  
  70  5:49  Pylon  
  69  5:50  Pylon  
  69  5:52  Pylon  
  65  6:02  Pylon  
  65  6:03  Pylon  
  61  6:04  Immortal (Chrono Boost)  
  61  6:06  Gateway  
  61  6:11  Zealot x4  
  67  6:15  Zealot  
  55  6:33  Stalker x3  
  55  6:35  Immortal (Chrono Boost)  
  63  6:44  Stalker  
  65  6:48  Nexus  
  58  7:10  Probe x2  
  58  7:13  Pylon  
  58  7:14  Warp Prism (Chrono Boost)  
  61  7:22  Probe  
  63  7:28  Zealot x2  
  67  7:33  Probe  
  67  7:34  Probe  
  69  7:37  Assimilator  
  69  7:40  Sentry  
  71  7:45  Probe  
  71  7:47  Probe  
  73  7:53  Zealot x3  
  73  7:57  Probe  
  80  7:59  Probe  
  80  8:00  Observer (Chrono Boost)  
  82  8:06  Probe  
  82  8:10  Probe  
  84  8:22  Forge  
  84  8:23  Forge  
  84  8:26  Zealot x5  
  94  8:37  Zealot  
  96  8:51  Zealot  
  96  8:52  Zealot x4  
  76  9:06  Zealot  
  72  9:13  Zealot  
  72  9:14  Zealot x3  
  80  9:24  Zealot  
Tags
 
Add a new tag
Caveats
  • Supply blocks, unpowered buildings, or Contaminate may cause inaccurate times.
  • Supply counts are checked every 10 seconds.